AoeStats
← matthew970127

Arena

508439141Analyzed
3v3 RM · 9d ago on Sep 22, 2026· 48m 38s· 6 players
Game mode
Random Map
Map size
Normal (6 player)
Population
200
Speed
Normal
Resources
Standard
Victory
Conquest
Starting age
Dark Age
Ending age
Imperial Age
RankedLock teamsTeams togetherTeam positionsShared explorationLock speedFull tech treeHidden civsTurbo modeCheats
Victory
Defeat
🇦🇷 Huns · Argentina
976
+11
🇹🇼 Japanese · Taiwan
953
+12
🇹🇼 Berbers · Taiwan
915
+14
🇮🇳 Inca · India
916
-14
🇩🇪 Slavs · Germany
866
-12
🇹🇷 Poles · Türkiye
830
-11
jshashankreddy7
9:11 Loom
13:53 Feudal Age
15:38 Stone Mining
18:43 Castle Age
16:35 Double-Bit Axe
17:30 Horse Collar
19:53 Heavy Plow
20:14 Bow Saw
24:33 Wheelbarrow
24:12 Gold Mining
24:58 Stone Shaft Mining
24:13 Champi Runner
26:11 Hand Cart
26:35 Gold Shaft Mining
26:48 Scale Mail Armor
27:16 Fletching
29:12 Bodkin Arrow
29:28 Forging
29:24 Champi Warrior
38:28 Imperial Age
38:42 Elite Champi Warrior
39:46 Conscription
39:05 Capped Ram
43:10 Chain Mail Armor
43:31 Iron Casting
45:18 Arson
45:34 Squires
46:50 Fabric Shields
NNN
11:38 Feudal Age
11:20 Loom
13:50 Wheelbarrow
13:02 Double-Bit Axe
12:59 Horse Collar
16:41 Gold Mining
16:41 Stone Mining
20:14 Castle Age
21:11 Light Cavalry
26:33 Hand Cart
27:19 Bloodlines
28:46 Heavy Plow
28:57 Bow Saw
29:32 Stone Mining
32:24 Scale Barding Armor
32:29 Forging
33:18 Stone Shaft Mining
33:21 Szlachta Privileges
33:05 Town Watch
33:23 Scale Mail Armor
33:41 Treadmill Crane
35:36 Iron Casting
38:56 Imperial Age
38:03 Husbandry
39:13 Elite Obuch
40:38 Lechitic Legacy
39:42 Cavalier
41:53 Crop Rotation
43:35 Elite Skirmisher
43:58 Crossbowman
44:46 Thumb Ring
44:47 Arbalester
S3r!ousLE3
3:11 Loom
12:02 Feudal Age
12:47 Horse Collar
12:53 Double-Bit Axe
18:48 Castle Age
20:13 Bow Saw
20:05 Heavy Plow
20:47 Town Watch
25:33 Scale Barding Armor
28:34 Bloodlines
28:25 Husbandry
29:53 Wheelbarrow
30:08 Chain Barding Armor
33:10 Imperial Age
31:35 Forging
33:13 Iron Casting
32:29 Fletching
33:02 Hand Cart
33:49 Town Patrol
34:30 Plate Barding Armor
34:56 Blast Furnace
33:52 Heavy Scorpion
33:59 Light Cavalry
34:00 Cavalier
35:57 Gold Mining
35:57 Stone Mining
35:42 Capped Ram
37:15 Conscription
37:58 Hussar
39:16 Detinets
38:53 Siege Ram
43:23 Bodkin Arrow
43:29 Padded Archer Armor
43:30 Scale Mail Armor
zzy320286
11:33 Feudal Age
15:21 Castle Age
13:19 Double-Bit Axe
13:16 Horse Collar
16:28 Bow Saw
18:54 Heavy Plow
20:21 Gold Mining
21:31 Wheelbarrow
21:30 Stone Mining
22:52 Hand Cart
24:12 Gold Shaft Mining
23:55 Loom
29:04 Imperial Age
27:24 Padded Archer Armor
27:15 Fletching
27:46 Ballistics
28:26 Leather Archer Armor
28:24 Forging
28:19 Scale Barding Armor
28:28 Thumb Ring
28:53 Bodkin Arrow
29:31 Bodkin Arrow
29:47 Forging
29:43 Scale Barding Armor
29:29 Heavy Cavalry Archer
31:33 Chemistry
30:54 Bracer
31:40 Scale Barding Armor
32:10 Iron Casting
34:11 Parthian Tactics
35:07 Blast Furnace
35:21 Chain Barding Armor
35:03 Husbandry
35:13 Bloodlines
34:26 Light Cavalry
36:29 Conscription
40:16 Guilds
40:36 Coinage
40:06 Caravan
39:53 Hussar
41:27 Plate Barding Armor
matthew970127
9:50 Feudal Age
15:59 Castle Age
14:07 Double-Bit Axe
15:40 Horse Collar
16:32 Horse Collar
17:38 Heavy Plow
17:51 Bow Saw
22:52 Wheelbarrow
25:01 Gold Mining
27:09 Gold Shaft Mining
28:29 Wheelbarrow
28:09 Husbandry
28:21 Bloodlines
28:05 Light Cavalry
33:29 Imperial Age
34:42 Scale Mail Armor
34:50 Scale Barding Armor
34:55 Forging
34:44 Hussar
37:17 Loom
41:06 Hand Cart
40:37 Town Watch
42:30 Chain Barding Armor
42:46 Iron Casting
48:26 Blast Furnace
micky970815
10:13 Feudal Age
15:07 Castle Age
14:14 Double-Bit Axe
17:44 Horse Collar
22:36 Bow Saw
24:29 Heavy Plow
29:15 Wheelbarrow
28:23 Pikeman
29:21 Squires
31:58 Imperial Age
32:11 Imperial Age
30:31 Scale Mail Armor
30:42 Forging
33:50 Conscription
33:16 Halberdier
34:27 Hand Cart
34:30 Capped Ram
37:05 Elite Samurai
38:24 Iron Casting
38:04 Chain Mail Armor
40:02 Kataparuto
41:23 Blast Furnace
42:32 Arson
43:23 Plate Mail Armor
Connection lost

Rejoining the realm…

Still unreachable

The connection could not be restored.

Session expired

The server has moved on; the page needs a fresh start.